 Dungeon Crawl Stone Soup version 0.31-a0-325-g067879e3d3 (webtiles) character file.

Game seed: 14382279469495240437

9965 HallandMoats the Fighter (level 11, -4/89 HPs)
             Began as a Demonspawn Brigand on July 18, 2023.
             Was an Elder of Qazlal.
             Slain by Snorg (17 damage)
             ... on level 11 of the Dungeon on July 19, 2023.
             The game lasted 00:22:52 (11086 turns).

HallandMoats the Fighter (Demonspawn Brigand)      Turns: 11086, Time: 00:22:52

Health: -4/89      AC: 14    Str: 18    XL:     11   Next: 30%
Magic:  0/16       EV: 14    Int: 14    God:    Qazlal [****..]
Gold:   895        SH: 14    Dex: 20    Spells: 10/10 levels left

rFire   + . .        a - +5 hand axe (flame)
rCold   . . .        D - +3 buckler {rF+}
rNeg    + . .        G - +0 swamp dragon scales
rPois   +            v - +0 helmet
rElec   .            F - +0 cloak
rCorr   .            (no gloves)
SInv    +            (boots unavailable)
Will    .....        g - amulet of guardian spirit
Stlth   +            i - ring of see invisible
HPRegen 0.34/turn    c - ring of Mocze {rN+ Str+3 Dex+6}
MPRegen 0.15/turn

%: repel missiles, guardian spirit
@: no status effects
A: hooves 3, molten scales 2, foul stench 1, powered by death 1
a: Renounce Religion, Upheaval, Elemental Force


You were on level 11 of the Dungeon.
You worshipped Qazlal.
Qazlal was greatly pleased with you.
You visited 2 branches of the dungeon, and saw 12 of its levels.

You collected 980 gold pieces.
You spent 85 gold pieces at shops.

Inventory:

Hand Weapons
 a - a +5 hand axe of flaming (weapon)
Missiles
 d - 23 poisoned darts (quivered)
 e - 3 curare-tipped darts
 w - 2 throwing nets
Armour
 b - a +3 leather armour of fire resistance
 v - a +0 helmet (worn)
 C - a +0 plate armour of positive energy
 D - a +3 buckler of fire resistance (worn)
 F - a +0 cloak (worn)
 G - +0 swamp dragon scales (worn)
Jewellery
 c - the ring of Mocze (right hand) {rN+ Str+3 Dex+6}
   (You found it on level 9 of the Dungeon)

   [ring of dexterity]

   Str:       It affects your strength (+3).
   Dex:       It affects your dexterity (+6).
   rN:        It protects you from negative energy.
 g - an amulet of guardian spirit (around neck)
 i - a ring of see invisible (left hand)
 m - an amulet of reflection
Talismans
 s - a storm talisman
Wands
 k - a wand of acid (2)
 l - a wand of flame (15)
 q - a wand of roots (26)
 y - a wand of digging (4)
 z - a wand of paralysis (8)
Scrolls
 h - 3 scrolls of fog
 j - 2 scrolls of immolation
 o - 5 scrolls of teleportation
 r - 2 scrolls of revelation
 t - a scroll of poison
 A - 2 scrolls of brand weapon
 B - 2 scrolls of silence
 E - 2 scrolls of enchant armour
Potions
 f - a potion of mutation
 n - 3 potions of curing
 p - 2 potions of enlightenment
 x - a potion of lignification {unknown}


   Skills:
 * Level 9.3 Fighting
 - Level 2.3 Short Blades
 * Level 8.1 Axes
 - Level 1.7 Throwing
 + Level 5.8 Armour
 + Level 5.9 Dodging
 - Level 4.2 Stealth
 + Level 5.3 Shields
 + Level 7.0 Invocations


You had 10 spell levels left.
You didn't know any spells.
Your spell library contained the following spells:

 Spells                   Type           Power      Damage    Failure   Level
 Shock                    Conj/Air       0%         1d3       52%         1
 Summon Small Mammal      Summ           0%         N/A       52%         1
 Cigotuvi's Dreadful Rot  Necr/Pois/Air  0%         N/A       65%         2
 Ensorcelled Hibernation  Hex/Ice        0%         N/A       65%         2
 Sublimation of Blood     Necr           0%         N/A       65%         2
 Wereblood                Tmut           0%         N/A       65%         2
 Call Canine Familiar     Summ           0%         N/A       87%         3
 Summon Guardian Golem    Hex/Summ       0%         N/A       87%         3
 Swiftness                Air            0%         N/A       87%         3
 Airstrike                Air            0%         2d(0-16)  99%         4
 Anguish                  Hex/Necr       0%         N/A       99%         4
 Dispel Undead            Necr           0%         3d6       99%         4
 Death Channel            Necr           0%         N/A       100%        6
 Summon Hydra             Summ           0%         N/A       100%        7


Dungeon Overview and Level Annotations

Branches:
Dungeon (11/15)            Temple (1/1) D:5            Lair (0/5) D:10
    Orc (0/2) D:9

Altars:
Ashenzari
Cheibriados
Dithmenos
Fedhas
Gozag
Hepliaklqana
Kikubaaqudgha
Makhleb
Nemelex Xobeh
Okawaru
Qazlal
Ru
Sif Muna
Trog
Uskayaw
Vehumet
Wu Jian
Xom
Yredelemnul

Shops:
D:1 *[   D:5 [**[

Annotations:
D:11 Snorg


Innate Abilities, Weirdness & Mutations

You have hooves in place of feet.
You are mostly covered in molten scales. (AC +3)
You may rarely emit foul miasma when damaged in melee.
You regenerate a little health from kills.


Message History

Snorg goes berserk!
You slash Snorg! You burn Snorg.
Snorg is heavily wounded.
You block Snorg's attack. Snorg misses you. x2; Snorg bites you.
Snorg completely misses you. You block Snorg's attack.
You hit Snorg. You burn Snorg. Your kick misses Snorg.
Snorg is heavily wounded.
Snorg barely misses you. Snorg claws you! You block Snorg's attack.
You hit Snorg. You burn Snorg. Your kick misses Snorg.
Snorg is heavily wounded.
Snorg bites you.
You block Snorg's attack. x2; Snorg bites you.
You block Snorg's attack. Snorg claws you but does no damage.
You hit Snorg. You burn Snorg. You kick Snorg.
Snorg is heavily wounded.
You block Snorg's attack. Snorg claws you but does no damage. x2
You hit Snorg. You burn Snorg.
Snorg is heavily wounded.
Snorg bites you!! Snorg barely misses you. You block Snorg's attack.
You completely miss Snorg.
Snorg is heavily wounded.
You block Snorg's attack. Snorg claws you!
* * * LOW HITPOINT WARNING * * *
Snorg claws you but does no damage. You block Snorg's attack. Snorg claws you!
* * * LOW HITPOINT WARNING * * *
Snorg misses you.
Okay, then.
You feel much better. You block Snorg's attack. Snorg claws you!
* * * LOW HITPOINT WARNING * * *
Snorg claws you!
* * * LOW HITPOINT WARNING * * *
You emit a cloud of foul miasma!
You feel much better.
Snorg is engulfed in dark miasma.
Snorg is poisoned.
You block Snorg's attack. x2; Snorg claws you.
Snorg is engulfed in dark miasma.
Snorg looks even sicker.
Snorg bites you. Snorg claws you. Snorg claws you!
* * * LOW HITPOINT WARNING * * *
Snorg is engulfed in dark miasma.
Snorg looks even sicker.
You block Snorg's attack. Snorg barely misses you. Snorg claws you!
* * * LOW HITPOINT WARNING * * *
You feel better. You block Snorg's attack. Snorg claws you!
You die...

## .# .# .#
###+#.#
#.?...#
#.....#
#○.☼@○#
#◎.○T.#
###.#....#
......°°####.#
######..# #
...# ##..#
#..# #...


You could see Snorg (berserk, very poisoned).

Vanquished Creatures
  Erica (D:9)
  Lodul (D:10)
  Joseph (D:8)
  Maggie (D:10)
  An unseen horror (D:10)
  A komodo dragon (D:10)
  A troll (D:10)
  Grinder (D:5)
  3 shadows (D:9)
  2 wraiths
  6 yaks
  3 wyverns
  4 steam dragons
  An acid dragon (D:10)
  A water moccasin (D:10)
  6 black bears
  An orc warrior (D:6)
  2 ice beasts (D:7)
  9 ogres
  4 centaurs
  A phantom (D:9)
  3 bullfrogs
  4 scorpions
  7 wights
  17 killer bees
  A troll zombie (D:9)
  5 howler monkeys
  3 hounds
  A gnoll bouda (D:5)
  Crazy Yiuf (D:6)
  2 orc priests
  3 iguanas
  3 sleepcaps
  10 orc wizards
  Ijyb (D:4)
  7 ogre zombies (D:9)
  Robin (D:1)
  12 gnolls
  9 adders
  A white imp (D:8)
  4 dart slugs
  42 orcs
  14 ball pythons
  6 bats
  3 endoplasms (D:4)
  A giant cockroach (D:4)
  13 hobgoblins
  10 kobolds
  5 quokkas
  5 frilled lizards
  12 goblins
  A goblin skeleton (D:9)
  3 goblin zombies (D:9)
  A hobgoblin skeleton (D:9)
  3 hobgoblin zombies (D:9)
  5 orc skeletons (D:9)
  12 orc zombies (D:9)
  8 rats
290 creatures vanquished.

Vanquished Creatures (others)
  An orc (D:10)
1 creature vanquished.

Grand Total: 291 creatures vanquished

Notes
Turn   | Place    | Note
-------+----------+-------------------------------------------
     0 | D:1      | HallandMoats the Demonspawn Brigand began the quest for the
                  | Orb.
     0 | D:1      | Reached XP level 1. HP: 16/16 MP: 1/1
    32 | D:1      | Reached skill level 1 in Dodging
   287 | D:1      | Gained mutation: You have large cloven feet. [demonic
                  | ancestry]
   287 | D:1      | Reached XP level 2. HP: 22/22 MP: 2/2
   539 | D:1      | Found Boesagh's Antique Armour Boutique.
   559 | D:1      | Found Sodoto's Assorted Antiques.
   991 | D:2      | Gained mutation: You have hoof-like feet. [demonic
                  | ancestry]
   991 | D:2      | Reached XP level 3. HP: 27/28 MP: 3/3
  1017 | D:2      | Noticed Robin
  1034 | D:2      | Reached skill level 1 in Armour
  1324 | D:1      | Killed Robin
  1772 | D:2      | Gained mutation: You are partially covered in molten
                  | scales. (AC +2) [demonic ancestry]
  1772 | D:2      | Reached XP level 4. HP: 29/34 MP: 4/4
  1964 | D:2      | Reached skill level 3 in Fighting
  1964 | D:2      | Reached skill level 1 in Axes
  2591 | D:3      | Reached XP level 5. HP: 39/41 MP: 5/5
  3060 | D:3      | Found a faded altar of an unknown god.
  3413 | D:4      | Noticed a black bear
  3447 | D:4      | Killed a black bear
  3448 | D:4      | Gained mutation: You regenerate a little health from kills.
                  | [demonic ancestry]
  3448 | D:4      | Reached XP level 6. HP: 43/48 MP: 6/6
  3674 | D:4      | Reached skill level 4 in Fighting
  3951 | D:5      | Entered Level 5 of the Dungeon
  4061 | D:4      | Noticed Ijyb
  4065 | D:4      | Reached skill level 1 in Shields
  4066 | D:4      | Killed Ijyb
  4231 | D:5      | Found Zehunugu's Assorted Antiques.
  4261 | D:5      | Reached XP level 7. HP: 50/54 MP: 7/7
  4364 | D:5      | Found Lalieg's Armour Boutique.
  4411 | D:5      | Found Ceube's General Store.
  4425 | D:5      | Found a staircase to the Ecumenical Temple.
  4454 | D:5      | Found Esyam's Armour Boutique.
  4469 | Temple   | Entered the Ecumenical Temple
  4502 | Temple   | Became a worshipper of Qazlal Stormbringer
  4702 | D:5      | Noticed Grinder
  4706 | D:5      | Paralysed by Grinder for 3 turns
  4710 | D:5      | Reached skill level 1 in Invocations
  4719 | D:5      | Killed Grinder
  4720 | D:5      | Reached skill level 5 in Fighting
  4720 | D:5      | Gained mutation: You are mostly covered in molten scales.
                  | (AC +3) [demonic ancestry]
  4720 | D:5      | Reached XP level 8. HP: 19/62 MP: 7/9
  5320 | D:6      | Found a runed translucent door.
  5321 | D:6      | Noticed Crazy Yiuf
  5828 | D:6      | Reached * piety under Qazlal
  6124 | D:6      | Killed Crazy Yiuf
  6284 | D:7      | Reached skill level 6 in Fighting
  6294 | D:7      | Reached skill level 5 in Axes
  6298 | D:7      | Gained mutation: You have hooves in place of feet. [demonic
                  | ancestry]
  6298 | D:7      | Reached XP level 9. HP: 69/69 MP: 11/11
  6502 | D:7      | Found a radiant altar of Vehumet.
  6509 | D:7      | Found a shimmering altar of Xom.
  6512 | D:7      | Found a hide-covered altar of Uskayaw.
  6519 | D:7      | Found an iron altar of Okawaru.
  7424 | D:8      | Noticed Joseph
  7442 | D:8      | Killed Joseph
  7443 | D:8      | Reached skill level 7 in Fighting
  7580 | D:8      | Reached ** piety under Qazlal
  8214 | D:9      | Reached skill level 5 in Invocations
  8478 | D:9      | Reached XP level 10. HP: 79/79 MP: 13/13
  8498 | D:9      | Noticed Erica
  8511 | D:9      | Killed Erica
  8512 | D:9      | Reached skill level 5 in Dodging
  8888 | D:9      | Found a staircase to the Orcish Mines.
  8904 | D:9      | Reached skill level 8 in Fighting
  8905 | D:9      | Reached skill level 5 in Armour
  8915 | D:9      | Reached *** piety under Qazlal
  8929 | D:9      | Identified the ring of Mocze {rN+ Str+3 Dex+6}
  9687 | D:1      | Bought a blackened emerald amulet for 85 gold pieces
  9882 | D:10     | Entered Level 10 of the Dungeon
  9882 | D:10     | Noticed Lodul
 10025 | D:10     | Killed Lodul
 10026 | D:10     | Reached skill level 5 in Shields
 10026 | D:10     | Gained mutation: You may rarely emit foul miasma when
                  | damaged in melee. [demonic ancestry]
 10026 | D:10     | Reached XP level 11. HP: 68/87 MP: 11/15
 10177 | D:10     | Reached skill level 9 in Fighting
 10179 | D:10     | Found a staircase to the Lair.
 10187 | D:10     | Reached **** piety under Qazlal
 10514 | D:10     | Noticed Maggie
 10533 | D:10     | Killed Maggie
 10921 | D:10     | Found a shimmering blue altar of Sif Muna.
 11067 | D:11     | Noticed Snorg
 11085 | D:11     | HP: 4/89 [Snorg (12)]
 11086 | D:11     | Slain by Snorg

Illustrated notes

Levels and vault maps discovered:
D:1:      scummos_arrival_hexagon, layout_rooms, serial_shops, shop, shop,
          nicolae_concentric_dashed_squares_mild, minivault_5,
          skrybe_limestone_x
D:2:      layout_loops_cross, nicolae_hexahallways, minmay_unequal, uniq_robin
D:3:      layout_basic, shapermc_ecumenical_altar_mp_urbaneastern,
          chequers_serial_rivers_micro_b
D:4:      layout_basic, hangedman_decor_lopped, minmay_increasing_density,
          uniq_ijyb
D:5:      layout_rooms, minmay_temple_entry_statues_pillars, serial_shops, shop,
          shop, shop, nicolae_shop_trees, minivault_26, uniq_grinder
D:6:      layout_gridville, uniq_crazy_yiuf_cottage
D:7:      layout_basic, nicolae_overflow_hallway_of_the_gods
D:8:      layout_rooms, kennysheep_minor_cross, uniq_joseph
D:9:      layout_grid_maze, zombieorc2_lemuel, uniq_erica
D:10:     layout_stronghold, tgw_sif, due_lair_maze_entry_diamond, uniq_lodul,
          uniq_maggie
D:11:     layout_basic, uniq_snorg, uniq_grum
Temple:   lightli_temple_of_artemis

Skill      XL: |  1  2  3  4  5  6  7  8  9 10 11 |
---------------+----------------------------------+-----
Dodging        | 1 2 3 4 5 |  5.9
Short Blades   | 2 |  2.3
Armour         | 1 2 3 4 5 |  5.8
Fighting       | 3 4 5 6 7 8 9 |  9.3
Axes           | 1 2 3 5 6 7 8 |  8.1
Stealth        | 4 |  4.2
Shields        | 1 2 3 4 5 |  5.3
Invocations    | 1 3 5 6 7 |  7.0
Throwing       | |  1.7

Action                     |  1- 3 |  4- 6 |  7- 9 | 10-12 || total
---------------------------+-------+-------+-------+-------++-------
  Melee: Dagger            |   113 |       |       |       ||   113
         Kick              |    25 |    27 |    75 |    74 ||   201
         Punch             |     1 |       |       |       ||     1
         Hand axe          |    10 |   148 |   282 |   231 ||   671
  Evoke: Wand              |       |     2 |     1 |     5 ||     8
    Use: Scroll            |       |     2 |    13 |     1 ||    16
         Potion            |       |     1 |     2 |     6 ||     9
   Stab: Sleeping          |     3 |    10 |       |       ||    13
         Distracted        |     1 |       |       |       ||     1
         Invisible         |       |     4 |       |       ||     4
 Armour: Robe              |    49 |    36 |       |       ||    85
         Plate armour      |       |    16 |   197 |   117 ||   330
         Swamp dragon scal |       |       |       |     8 ||     8
  Dodge: Dodged            |    88 |    87 |    54 |    76 ||   305
  Block: Buckler           |       |    14 |   145 |   179 ||   338

Table legend: (Time is in decaauts)
 A = Elapsed time spent in this place.
 B = Non-inter-level travel time spent in this place.
 C = Inter-level travel time spent in this place.
 D = Time resting spent in this place.
 E = Time spent auto-exploring this place.
 F = Levels seen in this place.
 G = Mean time per level.
                   A        B        C        D        E       F      G
               +--------+--------+--------+--------+--------+-----+--------+
         Total |  11172 |  10449 |    723 |   1279 |   6635 |  12 |  931.0 |
       Dungeon |  11121 |  10398 |    723 |   1279 |   6635 |  11 | 1011.0 |
        Temple |     50 |     50 |      0 |      0 |      0 |   1 |   50.0 |
               +--------+--------+--------+--------+--------+-----+--------+

Top non-repeatable levels by time:
     D:9: 1784 daAuts
     D:1: 1364 daAuts
     D:6: 1233 daAuts
    D:10: 1149 daAuts
     D:2: 1147 daAuts
     D:7: 1137 daAuts
     D:4: 1020 daAuts
     D:3: 892 daAuts
     D:5: 820 daAuts
     D:8: 553 daAuts
  Temple: 50 daAuts
    D:11: 18 daAuts
